| TOP OF THE 1ST |
|
Charlotte Hornets batting - Pitching for Montgomery Rebels : LHP Charley Noble
|
|
Pitching: LHP Charley Noble
|
|
|
Batting: RHB Charles Stafford
|
0-0: Foul Ball, location: 2F 0-1: Called Strike 0-2: Ball 1-2: Fly out, F8 (Flyball, 8RM, EV 93.1 MPH)
|
|
Batting: RHB Juan Bonilla
|
0-0: Ball 1-0: SINGLE (Line Drive, 89M, EV 91.9 MPH)
|
|
Batting: RHB Ron Johnson
|
0-0: Called Strike Pickoff Throw to First - Out! 1-3 0-1: Called Strike 0-2: Ball 1-2: Strikes out swinging
|
| Top of the 1st over - 0 runs, 1 hit, 0 errors, 0 left on base; Charlotte 0 - Montgomery 0 |
| BOTTOM OF THE 1ST |
|
Montgomery Rebels batting - Pitching for Charlotte Hornets : RHP Timothy Kammeyer
|
|
Pitching: RHP Timothy Kammeyer
|
|
|
Batting: SHB Arthur Fischetti
|
0-0: Ball 1-0: Ball 2-0: Foul Ball, location: 2F 2-1: Fly out, F8 (Flyball, 89XD, EV 88.8 MPH)
|
|
Batting: LHB Dwayne Murphy
|
0-0: SINGLE (Groundball, 34D, EV 109.4 MPH)
|
|
Batting: RHB Nate Tria
|
0-0: Called Strike 0-1: Ball Wild Pitch! Dwayne Murphy to second 1-1: Ball 2-1: Foul Ball, location: 2F 2-2: Ball 3-2: Strikes out swinging
|
|
Batting: RHB Milt Jefferson
|
0-0: Ball 1-0: Ball 2-0: Fly out, F7 (Flyball, 78D, EV 105.0 MPH)
|
| Bottom of the 1st over - 0 runs, 1 hit, 0 errors, 1 left on base; Charlotte 0 - Montgomery 0 |
| TOP OF THE 2ND |
|
Charlotte Hornets batting - Pitching for Montgomery Rebels : LHP Charley Noble
|
|
Batting: RHB Tom Romano
|
0-0: Fly out, F9 (Flyball, 9, EV 95.0 MPH)
|
|
Batting: RHB Barry Lyons
|
0-0: Ball 1-0: Ground out 5-3 (Groundball, 56S, EV 86.3 MPH)
|
|
Batting: LHB Jesus Diaz
|
0-0: Called Strike 0-1: Ground out U3 (Groundball, 34S, EV 82.5 MPH)
|
| Top of the 2nd over - 0 runs, 0 hits, 0 errors, 0 left on base; Charlotte 0 - Montgomery 0 |
| BOTTOM OF THE 2ND |
|
Montgomery Rebels batting - Pitching for Charlotte Hornets : RHP Timothy Kammeyer
|
|
Batting: RHB Glenn Williams
|
0-0: Foul Ball, location: 2F 0-1: Ground out 6-3 (Groundball, 6, EV 86.9 MPH)
|
|
Batting: RHB Roberto Palacios
|
0-0: Ball 1-0: Ball 2-0: Ball 3-0: Base on Balls
|
|
Batting: RHB Jeff Schumaker
|
0-0: Fly out, F7 (Flyball, 7, EV 75.6 MPH)
|
|
Batting: SHB Mike Thorpe
|
0-0: Ball 1-0: Ball 2-0: Swinging Strike 2-1: Ball 3-1: Fly out, F8 (Flyball, 8RXD, EV 90.0 MPH)
|
| Bottom of the 2nd over - 0 runs, 0 hits, 0 errors, 1 left on base; Charlotte 0 - Montgomery 0 |
| TOP OF THE 3RD |
|
Charlotte Hornets batting - Pitching for Montgomery Rebels : LHP Charley Noble
|
|
Batting: RHB Alvaro Espinoza
|
0-0: Called Strike 0-1: Called Strike 0-2: Ball 1-2: Foul Ball, location: 2F 1-2: Ball 2-2: Ground out 6-3 (Groundball, 6, EV 83.1 MPH)
|
|
Batting: SHB Jose Mota
|
0-0: Ball 1-0: DOUBLE (Line Drive, 7LM, EV 93.8 MPH)
|
|
Batting: RHB John O'Rear
|
0-0: Called Strike Jose Mota steals 3rd base 0-1: Ball 1-1: Foul Ball, location: 2F 1-2: Fly out, F2 (Popup, 2LF, EV 84.4 MPH)
|
|
Batting: RHB Charles Stafford
|
0-0: Ball 1-0: Foul Ball, location: 2F 1-1: Called Strike 1-2: Ball 2-2: Ball Passed Ball! Jose Mota scores 3-2: Base on Balls
|
|
Batting: RHB Juan Bonilla
|
0-0: Ball 1-0: Ball 2-0: Ball 3-0: Base on Balls Charles Stafford to second
|
|
Batting: RHB Ron Johnson
|
0-0: Called Strike 0-1: Ball 1-1: SINGLE (Groundball, 6D, EV 103.1 MPH) Charles Stafford to third Juan Bonilla to second Runner from 3rd tries for Home, SAFE, throw by LF to home
|
|
Batting: RHB Tom Romano
|
0-0: Ball 1-0: Fielders Choice at 2nd, 6-4 (Groundball, 6, EV 86.3 MPH)
|
| Top of the 3rd over - 2 runs, 2 hits, 0 errors, 2 left on base; Charlotte 2 - Montgomery 0 |
| BOTTOM OF THE 3RD |
|
Montgomery Rebels batting - Pitching for Charlotte Hornets : RHP Timothy Kammeyer
|
|
Batting: LHB Michael Shinn
|
0-0: Called Strike 0-1: Called Strike 0-2: Strikes out looking
|
|
Batting: SHB Arthur Fischetti
|
0-0: Ball 1-0: Foul Ball, location: 2F 1-1: Ball 2-1: Ball 3-1: Called Strike 3-2: Foul Ball, location: 2F 3-2: Fly out, F4 (Popup, 4, EV 67.5 MPH)
|
|
Batting: LHB Dwayne Murphy
|
0-0: Ball 1-0: Ball 2-0: Called Strike 2-1: Ball 3-1: Swinging Strike 3-2: Strikes out looking
|
| Bottom of the 3rd over - 0 runs, 0 hits, 0 errors, 0 left on base; Charlotte 2 - Montgomery 0 |
| TOP OF THE 4TH |
|
Charlotte Hornets batting - Pitching for Montgomery Rebels : LHP Charley Noble
|
|
Batting: RHB Barry Lyons
|
0-0: Ball 1-0: Ball 2-0: Foul Ball, location: 2F 2-1: Foul Ball, location: 2F 2-2: Ball 3-2: DOUBLE (Flyball, 89D, EV 96.9 MPH)
|
|
Batting: LHB Jesus Diaz
|
0-0: Ball 1-0: Ground out 4-3 (Groundball, 4M, EV 87.5 MPH) Barry Lyons to third
|
|
Batting: RHB Alvaro Espinoza
|
0-0: Ball 1-0: Fly out, F8 (Flyball, 8LD, EV 100.0 MPH)
|
|
Batting: SHB Jose Mota
|
0-0: Foul Ball, location: 2F 0-1: Ground out 1-3 (Groundball, 13S, EV 71.3 MPH)
|
| Top of the 4th over - 0 runs, 1 hit, 0 errors, 1 left on base; Charlotte 2 - Montgomery 0 |
| BOTTOM OF THE 4TH |
|
Montgomery Rebels batting - Pitching for Charlotte Hornets : RHP Timothy Kammeyer
|
|
Batting: RHB Nate Tria
|
0-0: Called Strike 0-1: Fly out, F8 (Flyball, 8RD, EV 86.3 MPH)
|
|
Batting: RHB Milt Jefferson
|
0-0: Foul Ball, location: 2F 0-1: Fly out, F9 (Flyball, 89M, EV 90.0 MPH)
|
|
Batting: RHB Glenn Williams
|
0-0: Ball 1-0: Fly out, F8 (Line Drive, 8LM, EV 88.1 MPH)
|
| Bottom of the 4th over - 0 runs, 0 hits, 0 errors, 0 left on base; Charlotte 2 - Montgomery 0 |
| TOP OF THE 5TH |
|
Charlotte Hornets batting - Pitching for Montgomery Rebels : LHP Charley Noble
|
|
Batting: RHB John O'Rear
|
0-0: Fly out, F7 (Flyball, 7S, EV 75.0 MPH)
|
|
Batting: RHB Charles Stafford
|
0-0: Ball 1-0: Called Strike 1-1: Ball 2-1: Fly out, F9 (Flyball, 89D, EV 105.0 MPH)
|
|
Batting: RHB Juan Bonilla
|
0-0: Ball 1-0: Fly out, F9 (Flyball, 9LS, EV 93.8 MPH)
|
| Top of the 5th over - 0 runs, 0 hits, 0 errors, 0 left on base; Charlotte 2 - Montgomery 0 |
| BOTTOM OF THE 5TH |
|
Montgomery Rebels batting - Pitching for Charlotte Hornets : RHP Timothy Kammeyer
|
|
Batting: RHB Roberto Palacios
|
0-0: Ball 1-0: Hit by Pitch
|
|
Batting: RHB Jeff Schumaker
|
0-0: Bunted foul 0-1: Bunted foul 0-2: SINGLE (Line Drive, 78S, EV 87.5 MPH) Roberto Palacios to second
|
|
Batting: SHB Mike Thorpe
|
0-0: Bunted foul 0-1: Bunt missed! 0-2: Foul Ball, location: 2F 0-2: Ball 1-2: Foul Ball, location: 2F 1-2: Grounds into double play, 6-4-3 (Groundball, 6, EV 84.4 MPH) Roberto Palacios to third
|
|
Batting: LHB Michael Shinn
|
0-0: Ball 1-0: Fly out, F2 (Popup, 2R, EV 93.1 MPH)
|
| Bottom of the 5th over - 0 runs, 1 hit, 0 errors, 1 left on base; Charlotte 2 - Montgomery 0 |
| TOP OF THE 6TH |
|
Charlotte Hornets batting - Pitching for Montgomery Rebels : LHP Charley Noble
|
|
Batting: RHB Ron Johnson
|
0-0: Fly out, F8 (Flyball, 8RXD, EV 99.4 MPH)
|
|
Batting: RHB Tom Romano
|
0-0: Swinging Strike 0-1: Foul Ball, location: 2F 0-2: Strikes out swinging
|
|
Batting: RHB Barry Lyons
|
0-0: Ball 1-0: Called Strike 1-1: Ball 2-1: Foul Ball, location: 2F 2-2: Foul Ball, location: 2F 2-2: Ball 3-2: DOUBLE (Line Drive, 89XD, EV 104.4 MPH)
|
|
Batting: LHB Jesus Diaz
|
0-0: Called Strike 0-1: Ball 1-1: DOUBLE (Line Drive, 9LS, EV 111.9 MPH) Barry Lyons scores
|
|
Batting: RHB Alvaro Espinoza
|
0-0: Foul Ball, location: 2F 0-1: Fly out, F4 (Line Drive, 4, EV 70.6 MPH)
|
| Top of the 6th over - 1 run, 2 hits, 0 errors, 1 left on base; Charlotte 3 - Montgomery 0 |
| BOTTOM OF THE 6TH |
|
Montgomery Rebels batting - Pitching for Charlotte Hornets : RHP Timothy Kammeyer
|
|
Batting: SHB Arthur Fischetti
|
0-0: Ball 1-0: Foul Ball, location: 2F 1-1: Foul Ball, location: 2F 1-2: Ball 2-2: Ground out 5-3 (Groundball, 56, EV 83.8 MPH)
|
|
Batting: LHB Dwayne Murphy
|
0-0: Called Strike 0-1: Swinging Strike 0-2: Ball 1-2: Ball 2-2: Foul Ball, location: 2F 2-2: Fly out, F8 (Line Drive, 8LM, EV 98.8 MPH)
|
|
Batting: RHB Nate Tria
|
0-0: Ball 1-0: Ball 2-0: Ball 3-0: Base on Balls
|
|
Batting: RHB Milt Jefferson
|
0-0: Ball 1-0: Called Strike 1-1: Ball 2-1: Fly out, F9 (Flyball, 9LS, EV 89.4 MPH)
|
| Bottom of the 6th over - 0 runs, 0 hits, 0 errors, 1 left on base; Charlotte 3 - Montgomery 0 |
| TOP OF THE 7TH |
|
Charlotte Hornets batting - Pitching for Montgomery Rebels : LHP Charley Noble
|
|
Batting: SHB Jose Mota
|
0-0: Swinging Strike 0-1: Ground out 6-3 (Groundball, 6, EV 85.6 MPH)
|
|
Batting: RHB John O'Rear
|
0-0: Called Strike 0-1: Foul Ball, location: 2F 0-2: Ball 1-2: Strikes out swinging
|
|
Batting: RHB Charles Stafford
|
0-0: Called Strike 0-1: Ball 1-1: Swinging Strike 1-2: Strikes out swinging
|
| Top of the 7th over - 0 runs, 0 hits, 0 errors, 0 left on base; Charlotte 3 - Montgomery 0 |
| BOTTOM OF THE 7TH |
|
Montgomery Rebels batting - Pitching for Charlotte Hornets : RHP Timothy Kammeyer
|
|
Batting: RHB Glenn Williams
|
0-0: Called Strike 0-1: Ball 1-1: Called Strike 1-2: Ball 2-2: Strikes out swinging, 2-3 out at first.
|
|
Batting: RHB Roberto Palacios
|
0-0: Called Strike 0-1: Ball 1-1: Foul Ball, location: 2F 1-2: Ball 2-2: Strikes out swinging
|
|
Batting: RHB Jeff Schumaker
|
0-0: Foul Ball, location: 2F 0-1: Called Strike 0-2: Ground out U3 (Groundball, 34S, EV 88.1 MPH)
|
| Bottom of the 7th over - 0 runs, 0 hits, 0 errors, 0 left on base; Charlotte 3 - Montgomery 0 |
| TOP OF THE 8TH |
|
Charlotte Hornets batting - Pitching for Montgomery Rebels : LHP Charley Noble
|
|
Batting: RHB Juan Bonilla
|
0-0: Called Strike 0-1: Ball 1-1: Ground out 5-3 (Groundball, 56, EV 85.0 MPH)
|
|
Batting: RHB Ron Johnson
|
0-0: Ball 1-0: Called Strike 1-1: Ball 2-1: Called Strike 2-2: Ball 3-2: Ground out 3-1 (Groundball, 34, EV 81.9 MPH)
|
|
Batting: RHB Tom Romano
|
0-0: Ball 1-0: Foul Ball, location: 2F 1-1: Ball 2-1: Ball 3-1: Called Strike 3-2: Foul Ball, location: 2F 3-2: Strikes out swinging, 2-3 out at first.
|
| Top of the 8th over - 0 runs, 0 hits, 0 errors, 0 left on base; Charlotte 3 - Montgomery 0 |
| BOTTOM OF THE 8TH |
|
Montgomery Rebels batting - Pitching for Charlotte Hornets : RHP Timothy Kammeyer
|
|
Batting: SHB Mike Thorpe
|
0-0: Foul Ball, location: 2F 0-1: Swinging Strike 0-2: Strikes out swinging
|
|
Batting: LHB Michael Shinn
|
0-0: Ground out 4-3 (Groundball, 4, EV 86.9 MPH)
|
|
Batting: SHB Arthur Fischetti
|
0-0: Foul Ball, location: 2F 0-1: Ball 1-1: Ball 2-1: Ball 3-1: Ground out 5-3 (Groundball, 56S, EV 82.5 MPH)
|
| Bottom of the 8th over - 0 runs, 0 hits, 0 errors, 0 left on base; Charlotte 3 - Montgomery 0 |
| TOP OF THE 9TH |
|
Charlotte Hornets batting - Pitching for Montgomery Rebels : LHP Charley Noble
|
|
Pitching: RHP Lee Smith
|
|
|
Batting: RHB Barry Lyons
|
0-0: Swinging Strike 0-1: Ball 1-1: SINGLE (Line Drive, 8LS, EV 96.3 MPH)
|
|
Batting: LHB Jesus Diaz
|
0-0: Bunt missed! 0-1: Bunted foul 0-2: Foul Ball, location: 2F 0-2: Foul Ball, location: 2F 0-2: Foul Ball, location: 2F 0-2: Ball 1-2: Ball 2-2: Fly out, F1 (Line Drive, P, EV 65.0 MPH)
|
|
Batting: RHB Alvaro Espinoza
|
0-0: Called Strike 0-1: Ground out 5-3 (Groundball, 56S, EV 73.8 MPH) Barry Lyons to second
|
|
Batting: SHB Jose Mota
|
0-0: Ball 1-0: Ball 2-0: Ball 3-0: Called Strike 3-1: Swinging Strike 3-2: Strikes out looking
|
| Top of the 9th over - 0 runs, 1 hit, 0 errors, 1 left on base; Charlotte 3 - Montgomery 0 |
| BOTTOM OF THE 9TH |
|
Montgomery Rebels batting - Pitching for Charlotte Hornets : RHP Timothy Kammeyer
|
|
Pitching: RHP Jorge Solano
|
|
|
Batting: LHB Dwayne Murphy
|
0-0: Called Strike 0-1: Swinging Strike 0-2: Ball 1-2: Strikes out swinging
|
|
Batting: RHB Nate Tria
|
0-0: Called Strike 0-1: Ball 1-1: Ball 2-1: Called Strike 2-2: Foul Ball, location: 2F 2-2: Strikes out looking
|
|
Batting: RHB Milt Jefferson
|
0-0: SINGLE (Line Drive, 8RS, EV 106.9 MPH)
|
|
Batting: RHB Glenn Williams
|
0-0: Ball 1-0: Ball 2-0: Ball 3-0: Base on Balls Milt Jefferson to second
|
|
Pinch Hitting: LHB Dustin Hipp
|
0-0: Ball 1-0: Ball 2-0: Ball 3-0: Called Strike 3-1: Foul Ball, location: 2F 3-2: Fly out, F8 (Flyball, 78D, EV 94.4 MPH)
|
| Bottom of the 9th over - 0 runs, 1 hit, 0 errors, 2 left on base; Charlotte 3 - Montgomery 0 |
|